 Dungeon Crawl Stone Soup version 0.20.0-15-g7f486f2 (webtiles) character file.

113565 mcbry the Warrior (level 16, -2/165 HPs)
             Began as a Hill Orc Fighter on June 19, 2017.
             Was the Champion of Makhleb.
             Killed from afar by Aizul (15 damage)
             ... with a bolt of poison
             ... on level 1 of the Elven Halls on June 20, 2017.
             The game lasted 03:14:29 (33599 turns).

mcbry the Warrior (Hill Orc Fighter)               Turns: 33599, Time: 03:14:30

Health: -2/165     AC: 22    Str: 26    XL:     16   Next: 63%
Magic:  0/36       EV:  9    Int:  8    God:    Makhleb [******]
Gold:   2106       SH: 11    Dex: 10    Spells: 15/15 levels left

rFire    + . .     SeeInvis .   Q - +2 war axe (chop)
rCold    . . .     Gourm    .   d - +1 buckler of Panentheism {+Fly rElec rCorr}
rNeg     . . .     Faith    .   T - +4 chain mail
rPois    .         Spirit   +   (no helmet)
rElec    +         Reflect  +   C - scarf {Spirit}
rCorr    +         Harm     .   v - +1 pair of gloves
MR       +....                  P - +1 pair of boots
Stlth    ..........             N - +6 amulet of reflection
Regen    0.4/turn               H - ring of magical power
MPRegen  0.3/turn               R - ring of protection from fire

@: lethally poisoned (-2 -> -52), about to teleport
A: no striking features
a: Minor Destruction, Lesser Servant of Makhleb, Major Destruction, Greater
Servant of Makhleb, Renounce Religion, Evoke Flight


You were on level 1 of the Elven Halls.
You worshipped Makhleb.
Makhleb was exalted by your worship.
You were not hungry.

You visited 8 branches of the dungeon, and saw 28 of its levels.
You also visited: Sewer, Ossuary and Ice Cave.

You collected 2160 gold pieces.
You spent 54 gold pieces at shops.

Inventory:

Hand Weapons
 k - a +2 battleaxe of venom
 F - a +2 flail of crushing
 I - a +1 dire flail
 L - a +2 battleaxe of chopping
 Q - a +2 war axe of chopping (weapon)
 V - a +2 war axe of draining
Missiles
 w - 20 tomahawks (quivered)
 x - 3 tomahawks of dispersal
 B - 2 exploding tomahawks
Armour
 d - the +1 buckler of Panentheism (worn) {+Fly rElec rCorr}
   (You found it on level 5 of the Dungeon)

   It insulates you from electricity.
   It lets you fly.
   It protects you from acid and corrosion.
 v - a +1 pair of gloves (worn)
 C - a scarf of spirit shield (worn)
 P - a +1 pair of boots (worn)
 T - a +4 chain mail (worn)
Jewellery
 c - an uncursed ring of positive energy
 m - the ring "Utaytt" {rCorr -Tele rF+ Int+3}
   (You took it off a crimson imp on level 13 of the Dungeon)

   [ring of resist corrosion]

   It affects your intelligence (+3).
   It protects you from fire.
   It prevents most forms of teleportation.
 n - an uncursed ring of magical power
 s - an uncursed ring of see invisible
 D - a +4 amulet of reflection
 H - a ring of magical power (left hand)
 J - an uncursed ring of stealth
 M - an uncursed ring of resist corrosion
 N - a +6 amulet of reflection (around neck)
 R - a ring of protection from fire (right hand)
Wands
 O - a wand of disintegration (13/24)
 U - a wand of digging (8/24)
 Y - a wand of confusion (24/48)
Scrolls
 a - a scroll of summoning {unknown}
 b - 11 scrolls of remove curse
 h - 4 scrolls of magic mapping
 j - a scroll of blinking
 l - 10 scrolls of identify
 y - 3 scrolls of teleportation
 G - 4 scrolls of fear
 K - a scroll of enchant weapon
 Z - 2 scrolls of fog
Potions
 e - 7 potions of flight
 g - 5 potions of resistance
 o - a potion of might
 q - a potion of cancellation {unknown}
 u - 2 potions of ambrosia
 z - a potion of lignification
 A - 4 potions of haste
 E - 3 potions of agility
 S - 2 potions of curing
 X - a potion of invisibility
Miscellaneous
 t - a lightning rod (4/4)
Comestibles
 f - 9 bread rations
 i - 3 meat rations
 p - 25 fruits
 r - 16 royal jellies


   Skills:
 * Level 20.7 Fighting
 + Level 16.5 Axes
 + Level 14.6 Armour
 - Level 3.2 Shields
 + Level 15.8 Invocations


You had 15 spell levels left.
You didn't know any spells.

Dungeon Overview and Level Annotations

Branches:
Dungeon (15/15)            Temple (1/1) D:4            Lair (6/6) D:9
 Shoals (1/4) Lair:3       Spider (1/4) Lair:2        Slime (0/5) Lair:6
    Orc (2/2) D:12            Elf (1/3) Orc:2        Vaults (0/5) D:13
 Depths (1/5) D:15

Altars:
Ashenzari
Cheibriados
Dithmenos
Elyvilon
Fedhas
Gozag
Hepliaklqana
Kikubaaqudgha
Makhleb
Nemelex Xobeh
Okawaru
Qazlal
Ru
Sif Muna
Trog
Uskayaw
Vehumet
Xom
Yredelemnul
Zin
The Shining One
Beogh
Jiyva

Shops:
D:7 %   D:8 %   D:15 *   Orc:2 :*(?

Portals:
Pandemonium: Orc:2

Annotations:
Elf:1 Aizul


Message History

You are poisoned.
You block the trident of piercing's attack.
Aizul coils herself and waves her upper body at you.
The bolt of poison hits you!
You are more poisoned.
* * * LOW HITPOINT WARNING * * *
As you read the scroll of teleportation, it crumbles to dust.
You feel strangely unstable.
You feel very sick.
The trident of piercing hits you but does no damage.
Aizul hits you but does no damage.
You feel sick. Aizul casts a spell at you. The bolt of poison hits you!
You are more poisoned.
* * * LOW HITPOINT WARNING * * *
Aizul coils herself and waves her upper body at you.
The bolt of poison hits you!
You are more poisoned.
You die...

###.###
###.....###
#.........#
########.........#
.......'.........#
########.........#
#.........#
##+.....'## ###
###.###@## #.###
### ##.# ....##+
##S.....+ .....)#
(...... ......#
...[... ......#
....... ......#
....... ......#
....... ....#'##
#.....#


You could see Aizul and a trident of piercing.

Vanquished Creatures
  Nikola (Elf:1)
  Agnes (Spider:1)
  A deep elf sorcerer (D:13)
  A dire elephant (D:15)
  An ettin (Orc:2)
  A fire dragon (Lair:6)
  5 hydras
  A vault guard (D:13)
  2 catoblepae
  2 centaur warriors
  4 death yaks (Lair:4)
  7 two-headed ogres
  2 vampire magi
  A tengu warrior (D:13)
  A dancing weapon (Elf:1)
  5 orc high priests (Orc:2)
  A fire crab (Lair:6)
  2 deep elf knights
  A skeletal warrior (D:15)
  A torturous demonspawn (Orc:2)
  A deep elf archer (D:13)
  4 unseen horrors
  A gelid demonspawn (Orc:2)
  3 orc knights (Orc:2)
  10 deep elf magi
  An orb spider (Spider:1)
  5 orc sorcerers
  8 ugly things
  An oklob plant (Lair:4)
  A manticore (D:15)
  5 elephants (Lair:6)
  4 naga magi (D:13)
  A water nymph (Lair:3)
  An orange demon (Orc:2)
  6 black mambas
  Maurice (D:13)
  2 molten gargoyles (Lair:6)
  A smoke demon (Orc:2)
  A gargoyle (D:13)
  10 spiny frogs
  10 komodo dragons
  2 freezing wraiths (D:15)
  2 kobold demonologists (D:11)
  3 rime drakes
  A yaktaur (D:13)
  An efreet (D:13)
  3 demonic crawlers (Spider:1)
  3 jumping spiders (Spider:1)
  A tengu conjurer (D:13)
  A merfolk (Lair:3)
  A queen bee (Lair:2)
  4 trolls
  2 polar bears (D:9)
  Grinder (D:3)
  2 hornets
  Prince Ribbit (D:7)
  10 hippogriffs
  17 blink frogs
  A meliai zombie (D:12)
  7 dream sheep
  13 slime creatures
  A spriggan (D:9)
  Sigmund (D:5)
  4 redbacks (Spider:1)
  A tarantella (Spider:1)
  A wraith (D:15)
  39 yaks
  A shadow (D:11)
  A vampire (D:13)
  6 hogs
  6 wyverns
  A human (D:13)
  4 basilisks
  A chaos spawn (Orc:2)
  12 vampire mosquitoes
  5 hungry ghosts
  2 steam dragons
  A warg (Orc:2)
  5 hell hounds (Lair:6)
  2 soldier ants (D:12)
  12 water moccasins
  9 porcupines
  3 sky beasts
  32 orc warriors
  21 ice beasts
  An eye of draining (D:10)
  A hornet zombie (D:12)
  A black bear (Lair:4)
  11 wolves
  3 phantoms
  11 ogres
  10 centaurs
  15 crocodiles
  3 gnoll sergeants (D:12)
  3 big kobolds
  12 bullfrogs
  An earth elemental (Elf:1)
  3 scorpions
  A wyvern skeleton (D:6)
  22 killer bees
  11 wights
  4 howler monkeys
  2 electric eels (Lair:3)
  5 centaur zombies
  4 lava snakes (Lair:6)
  2 bullfrog zombies
  7 crimson imps
  4 bullfrog skeletons
  3 hounds
  7 jellies
  Crazy Yiuf (D:5)
  Ijyb (D:4)
  5 centaur skeletons
  33 orc priests
  A human zombie (Ossuary)
  Jessica (D:2)
  2 iguanas
  17 orc wizards
  7 worker ants
  A merfolk siren (Sewer)
  A merfolk avatar (Sewer)
  A big kobold zombie (Ossuary)
  A bullfrog simulacrum (D:9)
  2 hound zombies (Ossuary)
  A howler monkey zombie (D:9)
  3 mummies (Ossuary)
  2 worker ant zombies (D:10)
  2 river rats (Sewer)
  14 adders
  9 gnolls
  A howler monkey skeleton (D:9)
  4 shadow imps
  A white imp (D:9)
  An ufetubus (D:9)
  14 oozes
  An adder skeleton (D:9)
  3 adder zombies (Ossuary)
  2 worms
  6 dart slugs
  6 leopard geckos
  74 orcs
  10 bats
  4 giant cockroaches
  3 goblins
  5 hobgoblins
  6 jackals
  15 kobolds
  3 quokkas
  6 ball pythons
  A ball python skeleton (D:3)
  13 frilled lizards
  2 gnoll zombies (Ossuary)
  4 goblin zombies (Ossuary)
  2 hobgoblin zombies (Ossuary)
  A jackal skeleton (D:8)
  2 jackal zombies (Ossuary)
  2 kobold zombies (Ossuary)
  A leopard gecko skeleton (D:8)
  An orc zombie (Ossuary)
  A quokka skeleton (D:4)
  5 quokka zombies (Ossuary)
  34 rats
  4 rat zombies (Ossuary)
  2 butterflies (Lair:1)
  2 fungi
  A plant (Lair:5)
860 creatures vanquished.

Vanquished Creatures (collateral kills)
  Kirke (D:13)
  An orc warlord (Orc:2)
  4 vault guards (D:13)
  2 death knights (D:15)
  A vampire mage (D:13)
  An orc high priest (Orc:2)
  A wizard (D:13)
  4 orc sorcerers
  An orc knight (Orc:2)
  An orange demon (Orc:2)
  A freezing wraith (D:15)
  A hellwing (Orc:2)
  2 trolls
  A tengu conjurer (D:13)
  A hog (D:13)
  3 wraiths (D:15)
  5 orc warriors
  An ogre (D:12)
  A bullfrog (D:11)
  A crimson imp (D:13)
  3 orc priests (Orc:2)
  A gnoll (D:12)
  6 orcs (Orc:2)
44 creatures vanquished.

Vanquished Creatures (others)
  A centaur warrior (D:13)
  2 deep elf knights
  A deep elf archer (Elf:1)
  A deep elf mage (Elf:1)
  5 centaurs
  16 fungi
  A plant (Lair:6)
27 creatures vanquished.

Grand Total: 931 creatures vanquished

Notes
Turn   | Place    | Note
-------+----------+-------------------------------------------
     0 | D:1      | mcbry the Hill Orc Fighter began the quest for the Orb.
     0 | D:1      | Reached XP level 1. HP: 19/19 MP: 1/1
   129 | D:1      | Reached skill level 4 in Fighting
   145 | D:1      | Reached XP level 2. HP: 27/27 MP: 2/2
   358 | D:1      | Reached XP level 3. HP: 34/34 MP: 3/3
   866 | D:2      | Found a faded altar of an unknown god.
  1127 | D:3      | Found a shimmering altar of Xom.
  1132 | D:3      | Reached skill level 5 in Fighting
  1135 | D:3      | Reached XP level 4. HP: 14/42 MP: 4/4
  1432 | D:3      | Noticed Jessica
  1473 | D:3      | Reached XP level 5. HP: 31/49 MP: 5/5
  1970 | D:3      | Noticed Grinder
  1985 | D:3      | Paralysed by Grinder for 5 turns
  1994 | D:3      | Paralysed by Grinder for 4 turns
  2233 | D:3      | Paralysed by Grinder for 5 turns
  2241 | D:2      | Killed Jessica
  2280 | D:3      | Paralysed by Grinder for 2 turns
  2288 | D:3      | Paralysed by Grinder for 4 turns
  2298 | D:3      | Paralysed by Grinder for 4 turns
  2303 | D:3      | Killed Grinder
  2303 | D:3      | Reached skill level 6 in Fighting
  2303 | D:3      | Reached skill level 5 in Axes
  2303 | D:3      | Reached XP level 6. HP: 28/58 MP: 6/6
  2590 | D:3      | Reached skill level 7 in Fighting
  2797 | D:3      | Reached XP level 7. HP: 66/66 MP: 7/7
  2927 | D:4      | Reached skill level 5 in Armour
  3204 | D:4      | Found a hazy altar of Hepliaklqana.
  3709 | D:4      | Found a staircase to the Ecumenical Temple.
  3789 | D:5      | Entered Level 5 of the Dungeon
  3819 | D:5      | Noticed Ijyb
  3819 | D:5      | Noticed Sigmund
  3821 | D:5      | Got a faintly humming buckler
  4056 | D:4      | Identified the +1 buckler of Panentheism {+Fly rElec rCorr} (You found it on level 5 of the Dungeon)
  4073 | D:4      | Killed Ijyb
  4087 | D:5      | Killed Sigmund
  4087 | D:5      | Reached skill level 8 in Fighting
  4126 | D:5      | Reached XP level 8. HP: 64/75 MP: 8/8
  4132 | D:5      | Found a glowing drain.
  4141 | Sewer    | Entered a sewer
  5124 | Temple   | Entered the Ecumenical Temple
  5296 | Temple   | Became a worshipper of Makhleb the Destroyer
  5414 | D:5      | Found a glowing silver altar of Zin.
  5485 | D:5      | Found a runed door.
  5489 | D:5      | Noticed Crazy Yiuf
  5493 | D:5      | Killed Crazy Yiuf
  5493 | D:5      | Reached skill level 9 in Fighting
  5537 | D:6      | Found a deep blue altar of Sif Muna.
  5675 | D:6      | Found a sand-covered staircase.
  5680 | Ossuary  | Entered an ossuary
  5790 | Ossuary  | Reached skill level 1 in Invocations
  5795 | Ossuary  | Reached * piety under Makhleb
  6566 | D:6      | Found an iron altar of Okawaru.
  6776 | D:7      | Reached XP level 9. HP: 71/85 MP: 9/11
  6872 | D:7      | Found a shattered altar of Ashenzari.
  6933 | D:7      | Reached skill level 10 in Fighting
  6958 | D:7      | Reached ** piety under Makhleb
  7121 | D:7      | Found Ixzionk's Food Shoppe.
  7228 | D:7      | Noticed Prince Ribbit
  7234 | D:7      | Killed Prince Ribbit
  8038 | D:8      | Reached skill level 11 in Fighting
  8039 | D:8      | Found Kulale's Food Shop.
  8106 | D:8      | Noticed a two-headed ogre
  8847 | D:8      | Killed a two-headed ogre
  8847 | D:8      | Reached skill level 5 in Invocations
  8847 | D:8      | Reached XP level 10. HP: 38/97 MP: 6/14
  9189 | D:9      | Reached skill level 12 in Fighting
  9641 | D:9      | Found a shattered altar of Ashenzari.
 10105 | D:9      | Reached skill level 10 in Axes
 10127 | D:9      | Reached *** piety under Makhleb
 10929 | D:9      | Found a staircase to the Lair.
 11094 | D:10     | Entered Level 10 of the Dungeon
 11094 | D:10     | Noticed a two-headed ogre
 11102 | D:10     | Killed a two-headed ogre
 11102 | D:10     | Reached skill level 13 in Fighting
 11102 | D:10     | Reached XP level 11. HP: 103/107 MP: 12/16
 11711 | D:10     | Noticed an unseen horror
 11725 | D:10     | Killed an unseen horror
 12367 | D:11     | Noticed a red ugly thing
 12770 | D:11     | Noticed a white ugly thing
 12778 | D:11     | Killed a white ugly thing
 12778 | D:11     | Reached skill level 14 in Fighting
 12963 | D:11     | Noticed a white ugly thing
 12972 | D:11     | Killed a white ugly thing
 13066 | D:11     | Reached **** piety under Makhleb
 13100 | D:11     | Killed a red ugly thing
 13258 | D:11     | Reached skill level 10 in Armour
 13581 | D:11     | Noticed a soul eater
 13635 | D:11     | Reached XP level 12. HP: 118/118 MP: 18/18
 14171 | D:12     | Found a staircase to the Orcish Mines.
 14697 | D:12     | Reached skill level 15 in Fighting
 15718 | D:12     | Reached skill level 10 in Invocations
 15800 | D:12     | Reached ***** piety under Makhleb
 16055 | D:13     | Noticed a vault guard
 16102 | D:13     | Noticed a vault guard
 16134 | D:13     | Noticed Maurice
 16219 | D:13     | Killed a vault guard
 16222 | D:13     | Found a sparkling altar of Nemelex Xobeh.
 16253 | D:13     | Noticed a centaur warrior
 16255 | D:13     | Killed a centaur warrior
 16318 | D:13     | Noticed a deep elf knight
 16319 | D:13     | Killed Maurice
 16320 | D:13     | Noticed a deep elf knight
 16321 | D:13     | Reached skill level 16 in Fighting
 16326 | D:13     | Killed a deep elf knight
 16336 | D:13     | Reached XP level 13. HP: 111/128 MP: 21/21
 16780 | D:13     | Identified a scroll of acquirement
 16813 | D:13     | Noticed Kirke
 16872 | D:13     | Killed Kirke
 16904 | D:13     | Got a steaming granite ring
 16906 | D:13     | Identified the ring "Utaytt" {rCorr -Tele rF+ Int+3} (You took it off a crimson imp on level 13 of the Dungeon)
 17728 | D:13     | Found a deep blue altar of Sif Muna.
 17742 | D:13     | Reached skill level 17 in Fighting
 18043 | D:13     | Noticed a deep elf sorcerer
 18055 | D:13     | Killed a deep elf sorcerer
 18402 | D:13     | Identified the Grimoire of Flamy Shape Shifting
 18656 | D:13     | Identified the Handbook of Burning Good Luck
 18682 | D:13     | Identified Hahob's Catalogue of Earth
 18776 | D:13     | Identified the Reference Book on Flamy Summoning
 18961 | D:13     | Noticed a vault guard
 18963 | D:13     | Noticed a vault guard
 18971 | D:13     | Noticed a vault guard
 19357 | D:13     | Killed a vault guard
 19357 | D:13     | Reached XP level 14. HP: 109/140 MP: 23/23
 19379 | D:13     | Found a gate to the Vaults.
 20007 | Lair:1   | Entered Level 1 of the Lair of Beasts
 21230 | Lair:2   | Found a hole to the Spider Nest.
 21393 | Lair:2   | Reached skill level 18 in Fighting
 22235 | Lair:3   | Found a staircase to the Shoals.
 22784 | Lair:4   | Reached ****** piety under Makhleb
 23055 | Lair:5   | Found a frozen archway.
 23088 | IceCv    | Entered an ice cave
 23137 | IceCv    | Found a transporter.
 23682 | Lair:5   | Found a radiant altar of Vehumet.
 23710 | Lair:5   | HP: 7/144 [eight-headed hydra (8)]
 23712 | Lair:5   | Reached skill level 15 in Axes
 24133 | Lair:5   | Reached XP level 15. HP: 150/150 MP: 25/25
 24556 | Lair:6   | Entered Level 6 of the Lair of Beasts
 24556 | Lair:6   | Found a staircase to the Slime Pits.
 24556 | Lair:6   | Found a viscous altar of Jiyva.
 25160 | Lair:6   | Reached skill level 19 in Fighting
 25279 | Lair:6   | Found a sparkling altar of Nemelex Xobeh.
 26011 | Lair:6   | Found a large runed door.
 26012 | Lair:6   | Found a large runed door.
 26735 | Orc:1    | Entered Level 1 of the Orcish Mines
 27032 | Orc:1    | Found a roughly hewn altar of Beogh.
 27109 | Orc:2    | Entered Level 2 of the Orcish Mines
 27109 | Orc:2    | Found a roughly hewn altar of Beogh.
 27124 | Orc:2    | Found a staircase to the Elven Halls.
 27223 | Orc:2    | Found Ruclijac's Magic Scroll Shop.
 27259 | Orc:2    | Found Fynn's General Store.
 27281 | Orc:2    | Bought a potion of curing for 54 gold pieces
 28201 | Orc:2    | Found Veucs's Antique Weapon Emporium.
 28201 | Orc:2    | Found Vuit's Book Shoppe.
 28201 | Orc:2    | Found a one-way gate leading to the halls of Pandemonium.
 28464 | Orc:2    | Noticed an orc warlord
 28482 | Orc:2    | Killed an orc warlord
 28496 | Orc:2    | Reached skill level 15 in Invocations
 28595 | Orc:2    | Found a roughly hewn altar of Beogh.
 29474 | Shoals:1 | Entered Level 1 of the Shoals
 29683 | Spider:1 | Entered Level 1 of the Spider Nest
 29691 | Spider:1 | Reached skill level 20 in Fighting
 29691 | Spider:1 | Reached XP level 16. HP: 162/162 MP: 27/27
 29897 | Spider:1 | Noticed Agnes
 29908 | Spider:1 | Killed Agnes
 31131 | D:15     | Entered Level 15 of the Dungeon
 31388 | D:15     | Found Tufiar's Assorted Antiques.
 32018 | D:15     | Found a staircase to the Depths.
 32576 | Depths:1 | Entered Level 1 of the Depths
 33064 | Elf:1    | Entered Level 1 of the Elven Halls
 33086 | Elf:1    | Noticed Nikola
 33145 | Elf:1    | Killed Nikola
 33574 | Elf:1    | Noticed Aizul
 33599 | Elf:1    | Killed from afar by Aizul

Skill      XL: |  1  2  3  4  5  6  7  8  9 10 11 12 13 14 15 16 |
---------------+-------------------------------------------------+-----
Axes           | 3 5 6 7 9 10 11 12 13 15 16 | 16.5
Fighting       | 4 5 6 7 8 9 11 13 14 16 17 18 20 | 20.7
Armour         | 4 5 6 8 9 10 11 12 13 14 | 14.6
Invocations    | 2 5 7 9 10 12 13 15 | 15.8
Shields        | |  3.2

Action                   |  1- 3 |  4- 6 |  7- 9 | 10-12 | 13-15 | 16-18 || total
-------------------------+-------+-------+-------+-------+-------+-------++-------
Melee: War axe           |    90 |   176 |   504 |   747 |  1213 |   266 ||  2996
       Battleaxe         |       |       |    10 |       |    12 |    36 ||    58
       Great mace        |       |       |       |       |    12 |       ||    12
       Flail             |       |       |       |       |    13 |    17 ||    30
Throw: Stone             |    25 |    10 |     3 |       |       |       ||    38
Invok: Minor Destruction |       |       |    27 |   169 |   347 |    95 ||   638
       Lesser Servant of |       |       |       |     3 |     2 |       ||     5
       Major Destruction |       |       |       |     1 |     2 |     1 ||     4
       Greater Servant o |       |       |       |       |    10 |     2 ||    12
 Abil: Evoke Flight      |       |       |     1 |       |       |       ||     1
  Use: Potion            |       |     1 |     1 |     2 |    11 |     2 ||    17
       Scroll            |       |       |    13 |     8 |    12 |     1 ||    34
  Eat: Chunk             |     1 |     5 |     5 |     9 |     7 |     1 ||    28
       Fruit             |       |     1 |     2 |     1 |     4 |       ||     8
       Bread ration      |       |       |     3 |     3 |     4 |     3 ||    13
       Royal jelly       |       |       |       |     3 |     5 |       ||     8
       Meat ration       |       |       |       |     1 |     2 |       ||     3
Armor: Scale mail        |    13 |       |       |       |       |       ||    13
       Plate armour      |    28 |   148 |   274 |   394 |       |       ||   844
       Chain mail        |       |       |       |   103 |   700 |   154 ||   957
Dodge: Dodged            |    18 |    42 |   119 |   227 |   373 |    99 ||   878
Block: Shield            |    45 |   116 |    38 |       |       |       ||   199
       Buckler           |       |       |   100 |   407 |   502 |   132 ||  1141
       Reflection        |       |       |       |    30 |    25 |     8 ||    63
       Other             |       |       |       |       |    15 |     9 ||    24
